 Dungeon Sprint DCSS version 0.29.1-2-gbd0b4ee654 (webtiles) character file.

Game seed: 3444

8 Ashen the Ducker (level 2, -1/36 HPs)
             Began as a Demonspawn Hedge Wizard on Oct 26, 2022.
             Was an Initiate of Makhleb.
             Killed by an exploding merfolk (5 damage)
             ... ignited by their inner flame
             ... in the Dungeon (Sprint V: "Ziggurat Sprint").
             The game lasted 00:01:30 (69 turns).

Ashen the Ducker (Demonspawn Hedge Wizard)            Turns: 69, Time: 00:01:30

Health: -1/36      AC: 18    Str: 22    XL:     2   Next: 0%
Magic:  6/6        EV:  4    Int: 15    God:    Makhleb [......]
Gold:   0          SH:  0    Dex: 12    Spells: 6/7 levels left

rFire   + + +      SeeInvis .   C - +7 great mace "Firestarter" {inner flame, rF++}
rCold   + . .      Faith    .   (shield currently unavailable)
rNeg    . . .      Spirit   .   D - +5 gold dragon scales
rPois   +          Reflect  .   c - +0 hat
rElec   .          Harm     .   (no cloak)
rCorr   .          Rampage  .   (no gloves)
Will    .....      NoTele   +   (no boots)
Stlth   ..........              (no amulet)
HPRegen 1.12/turn               z - +6 ring of strength
MPRegen 0.10/turn               A - +6 ring of strength

@: mighty, berserking, invisible, very quick
A: powered by death 1
a: Renounce Religion


You were in the Dungeon.
You worshipped Makhleb.
Makhleb was noncommittal.
You visited 1 branch

Inventory:

Hand Weapons
 a - a +0 dagger
 C - the +7 great mace "Firestarter" (weapon) {inner flame, rF++}
   (You found it in the Dungeon)

   It burns those it strikes, dealing additional fire damage.
   It fills those it strikes with an explosive inner flame.
   It grants immunity to clouds of flame.
   rF:        It greatly protects you from fire.
 E - the +6 Majin-Bo {vamp, MP+6 Int+6}
   (You found it in the Dungeon)

   It heals its wielder for a portion of the damage dealt when they wound a
   living foe with it or with a spell.
   Its wielder's spells cost health as well as magical power.
   Int:       It affects your intelligence (+6).
   MP:        It affects your magic capacity (+6).
Armour
 b - a +0 robe
 c - a +0 hat (worn)
 D - +5 gold dragon scales (worn)
Jewellery
 u - a ring of flight
 v - a +6 ring of dexterity
 w - a +6 ring of dexterity
 x - a +6 ring of intelligence
 y - a +6 ring of intelligence
 z - a +6 ring of strength (left hand)
 A - a +6 ring of strength (right hand)
Wands
 s - a wand of mindburst (7)
 t - a wand of quicksilver (7)
Scrolls
 i - 4 scrolls of blinking
 o - 4 scrolls of amnesia
 p - 7 scrolls of butterflies
 q - 5 scrolls of identify
 r - 2 scrolls of fear
Potions
 d - 8 potions of magic
 e - 10 potions of curing
 f - 10 potions of heal wounds
 g - 6 potions of haste
 h - 2 potions of berserk rage
 j - 2 potions of brilliance
 k - a potion of invisibility
 l - 4 potions of resistance
 n - 4 potions of might
Miscellaneous
 B - a lightning rod (4/4)


   Skills:
 + Level 3.4 Fighting
 + Level 3.1 Maces & Flails
 + Level 3.1 Armour
 + Level 3.7 Dodging
 - Level 1.7 Stealth
 - Level 3.0 Spellcasting
 - Level 1.0 Conjurations
 - Level 1.0 Summonings
 - Level 0.8 Translocations


You had 6 spell levels left.
You knew the following spells:

 Your Spells              Type           Power      Damage    Failure   Level
a - Magic Dart            Conj           20%        1d4       100%        1

Your spell library contained the following spells:

 Spells                   Type           Power      Damage    Failure   Level
 Slow                     Hex            8%         N/A       100%        1
 Blink                    Tloc           8%         N/A       100%        2
 Call Imp                 Summ           5%         N/A       100%        2
 Conjure Flame            Conj/Fire      3%         6-21      100%        3
 Mephitic Cloud           Conj/Pois/Air  3%         N/A       100%        3


Dungeon Overview and Level Annotations

Branches:
Dungeon (1/1)

Altars:
Ashenzari
Cheibriados
Dithmenos
Fedhas
Gozag
Hepliaklqana
Kikubaaqudgha
Makhleb
Nemelex Xobeh
Okawaru
Qazlal
Ru
Sif Muna
Trog
Uskayaw
Vehumet
Wu Jian
Xom
Yredelemnul
Jiyva
Lugonu

Annotations:
D 1 transporter


Innate Abilities, Weirdness & Mutations

You regenerate a little health from kills.


Message History

The merfolk shouts!
Found a +6 demon blade of draining and a staff of death.
Found a transporter.
A red film seems to cover your vision as you go berserk!
You feel yourself moving faster!
You feel mighty!
The merfolk shouts!
You feel a strong urge to attack something.
The merfolk shouts! x2
The merfolk hits you with a +0 trident. The merfolk barely misses you.
You bludgeon the merfolk!! You burn the merfolk!
The merfolk is filled with an inner flame.
The merfolk is severely wounded.
The merfolk hits you with a +0 trident! The merfolk barely misses you.
You barely miss the merfolk. The merfolk barely misses you.
You barely miss the merfolk. The merfolk hits you with a +0 trident.
You strike the helpless merfolk from behind!
You bludgeon the merfolk!! You burn the merfolk.
The merfolk is filled with an inner flame.
The merfolk is heavily wounded.
The merfolk completely misses you. The merfolk hits you with a +0 trident!
* * * LOW HITPOINT WARNING * * *
You sock the merfolk!
Flame seeps out of the merfolk.
You burn the merfolk.
Flame seeps out of the merfolk.
The merfolk is almost dead.
The merfolk hits you with a +0 trident.
* * * LOW HITPOINT WARNING * * *
The merfolk is engulfed in blazing flames.
Flame seeps out of the merfolk.
The merfolk hits you but does no damage.
You barely miss the merfolk.
The merfolk is almost dead.
The merfolk barely misses you.
The merfolk is engulfed in blazing flames.
Makhleb accepts your kill.
The merfolk explodes!
The fiery explosion engulfs the merfolk!!
Flame seeps out of the merfolk.
The merfolk is almost dead.
The fiery explosion engulfs you. You resist.
You die...

▓▓▓▓▓▓▓
▓.8©8.▓
▓.....▓
▓.§§§.▓
▓.m○§.▓
▓.§@..▓
▓..©..▓
▓▓▓▓▓▓▓


You could see a merfolk (inner flame, unable to see you).

Vanquished Creatures
  A merfolk (D)
1 creature vanquished.

Notes
Turn   | Place    | Note
-------+----------+-------------------------------------------
     0 | D        | Ashen the Demonspawn Hedge Wizard began the quest for the
                  | Orb.
     0 | D        | Reached XP level 1. HP: 13/13 MP: 4/4
     0 | D        | Found a shimmering blue altar of Sif Muna.
     0 | D        | Found a sacrificial altar of Ru.
     0 | D        | Found a bloodstained altar of Trog.
     0 | D        | Found a stormy altar of Qazlal.
     0 | D        | Found an iron altar of Okawaru.
     0 | D        | Found a sparkling altar of Nemelex Xobeh.
     0 | D        | Found a blossoming altar of Fedhas.
     0 | D        | Found the +6 Majin-Bo {vamp, MP+6 Int+6}
     0 | D        | Found the +9 heavy crossbow "Sniper" {vorpal, Acc+∞ SInv}
     0 | D        | Found the +10 dark maul {vorpal}
     0 | D        | Found the +15 Maxwell's patent armour {-Cast -Tele rElec
                  | Will+ rCorr}
     0 | D        | Found the +18 shield of the Gong {rElec rN+ Will+ EV-5}
     0 | D        | Found the +14 obsidian axe {vorpal, Mesm Drain Fly SInv}
     0 | D        | Found the +7 great mace "Firestarter" {inner flame, rF++}
     0 | D        | Found the +6 shillelagh "Devastator" {shatter}
     0 | D        | Found the +11 plutonium sword {Contam Stlth-}
     0 | D        | Found the +8 lance "Wyrmbane" {slay drac, rPois rF+ rC+
                  | AC+3}
     0 | D        | Found the +9 sword of Zonguldrok {reap}
     0 | D        | Found the +13 scythe of Curses {drain, Drain}
     0 | D        | Found the +5 sword of Power {vorpal}
     0 | D        | Found the +7 mace of Variability {chain chaos}
     0 | D        | Found the +7 Singing Sword {vorpal, sonic wave}
     0 | D        | Found the +8 storm bow {elec, penet}
     2 | D        | Found a transporter.
     2 | D        | Found an ancient bone altar of Kikubaaqudgha.
     2 | D        | Found a viscous altar of Jiyva.
     2 | D        | Found a corrupted altar of Lugonu.
     2 | D        | Found a hazy altar of Hepliaklqana.
     2 | D        | Found a burning altar of Makhleb.
     2 | D        | Found an opulent altar of Gozag.
    48 | D        | Became a worshipper of Makhleb the Destroyer
    54 | D        | Gained mutation: You regenerate a little health from kills.
                  | [demonic ancestry]
    54 | D        | Reached XP level 2. HP: 24/24 MP: 6/6
    61 | D        | Entered arena 2.
    61 | D        | Noticed a merfolk
    61 | D        | Noticed a merfolk
    61 | D        | Found a transporter.
    69 | D        | Killed a merfolk
    69 | D        | Killed by an exploding merfolk... ignited by their inner
                  | flame

Illustrated notes

Levels and vault maps discovered:
D:        sprint_v [room_start, room_1, room_2, room_3, room_4, room_5, room_6,
          room_7, room_8, room_9, room_10, room_11, room_12, room_13, room_14,
          room_15, room_16, room_17, room_18, room_19, room_20, room_21,
          room_22, room_23, room_24, room_25, room_26, room_27]

Skill      XL: |  1 |
---------------+----+-----
Fighting       | 3 |  3.4
Maces & Flails | 3 |  3.1
Armour         | 3 |  3.1
Dodging        | 3 |  3.7
Stealth        | |  1.7
Spellcasting   | |  3.0
Conjurations   | |  1.0
Summonings     | |  1.0
Translocations | |  0.8

Action                   || total
-------------------------++-------
Melee: Great mace        ||     6
  Use: Potion            ||     4
 Stab: Invisible         ||     1
Armor: Gold dragon scale ||     1
Dodge: Dodged            ||     5
